 Dungeon Crawl Stone Soup version 0.28.0-43-g3370ac3207 (webtiles) character file.

Game seed: 15416051863200797147

29 cbfl8 the Sneak (level 3, -6/33 HPs)
             Began as a Minotaur Delver on Mar 10, 2022.
             Mangled by an orc warrior
             ... wielding a +0 hand axe
              (14 damage)
             ... on level 5 of the Dungeon.
             The game lasted 00:00:56 (169 turns).

cbfl8 the Sneak (Minotaur Delver)                    Turns: 169, Time: 00:00:58

Health: -6/33      AC:  3    Str: 16    XL:     3   Next: 1%
Magic:  2/2        EV: 12    Int:  7    God:
Gold:   0          SH:  0    Dex: 13    Spells: 2/2 levels left

rFire   . . .      SeeInvis .   h - +0 war axe
rCold   . . .      Faith    .   (no shield)
rNeg    . . .      Spirit   .   b - +0 leather armour
rPois   .          Reflect  .   (helmet restricted)
rElec   .          Harm     .   (no cloak)
rCorr   .          Rampage  .   (no gloves)
Will    .....                   (no boots)
Stlth   ++........              (no amulet)
HPRegen 0.11/turn               (no ring)
MPRegen 0.08/turn               (no ring)

@: no status effects
A: horns 2, retaliatory headbutt
a: no special abilities


You were on level 5 of the Dungeon.
You visited 1 branch of the dungeon, and saw 2 of its levels.

Inventory:

Hand Weapons
 a - a +0 hand axe
 h - a +0 war axe (weapon)
Armour
 b - a +0 leather armour (worn)
Wands
 g - a wand of digging (3)
Scrolls
 c - a scroll of fog
 d - a scroll of enchant weapon {unknown}
 e - a scroll of fear
Potions
 f - a potion of haste


   Skills:
 + Level 4.0 Fighting
 + Level 2.6 Axes
 + Level 0.4 Armour
 + Level 2.2 Dodging
 + Level 4.6 Stealth


You had 2 spell levels left.
You didn't know any spells.
Your spell library was empty.

Dungeon Overview and Level Annotations

Branches:
Dungeon (6/15)
 Temple: D:4-7

Altars:


Innate Abilities, Weirdness & Mutations

You have a pair of horns on your head.
You reflexively headbutt those who attack you in melee.


Message History

Your Fighting skill increases to level 4!
You have reached level 2!
You have reached level 3!
Your experience leads to an increase in your attributes!
Increase (S)trength, (I)ntelligence, or (D)exterity?
You feel agile. x2
You start resting.
HP restored.
Found 21 bolts and a war axe.
Found 15 gold pieces.
Found a stone staircase leading down.
You see here 21 bolts.
An ice beast comes into view.
You see here a +0 war axe.
h - a +0 war axe
There is a stone staircase leading up here.
h - a +0 war axe (weapon)
An orc warrior and an orc come into view.
The orc is wielding a +1 dagger of speed.
The orc shouts!
The orc warrior shouts!
You hear a shout!
You hear a bellow!
An orc comes into view. It is wielding a +0 short sword.
An orc comes into view. It is wielding a +0 club.
There is a stone staircase leading up here.
The orc closely misses you.
There is a stone staircase leading up here.
You hit the orc but do no damage.
The orc warrior hits you with a +0 hand axe!
You climb upwards.
There is a stone staircase leading down here.
You closely miss the orc warrior. The orc warrior barely misses you.
You furiously retaliate!
You headbutt the orc warrior. You slash the orc warrior!
The orc warrior is heavily wounded.
The orc warrior closely misses you.
You closely miss the orc warrior.
The orc warrior is heavily wounded.
The orc warrior hits you with a +0 hand axe!
Ouch! That really hurt!
* * * LOW HITPOINT WARNING * * *
The orc warrior hits you with a +0 hand axe!
You die...

*,* *,* *,**,**
*** *,*
#.##***,**,* ,,*
#.* #...,,,,#*,*
*** #.*
#..#***.#*,* #.*
#..####.**,* #.*
#..#...,**,* * #.*
*.....,,,,,* * #.*
*#o#.#****** *
#.#######@#.# *
*****#...........#
*
#.......#.########
##.####.#.# *,*
#.#.# ** *,* #.#.#
,* *,* #.#.#
,***,***#.#.#
,,,,,,,,..#.#


You could see an orc warrior.

Vanquished Creatures
  A centaur skeleton (D:6)
1 creature vanquished.

Notes
Turn   | Place    | Note
-------+----------+-------------------------------------------
     0 | D:5      | cbfl8 the Minotaur Delver began the quest for the Orb.
     0 | D:5      | Reached XP level 1. HP: 19/19 MP: 0/0
    34 | D:6      | Reached XP level 2. HP: 18/27 MP: 1/1
    34 | D:6      | Reached XP level 3. HP: 22/33 MP: 2/2
   134 | D:6      | Noticed an ice beast
   156 | D:6      | Noticed an orc warrior
   169 | D:5      | Mangled by an orc warrior

Illustrated notes

Levels and vault maps discovered:
D:5:      layout_loops_ring, gammafunk_ghost_smash, uniq_crazy_yiuf_cottage,
          uniq_edmund
D:6:      layout_gridville, minmay_temple_entry_sparse_star,
          minmay_shop_enchanted_jewellery, uniq_eustachio

Skill      XL: |  1 |
---------------+----+-----
Fighting       | 4 |  4.0
Axes           | |  2.6
Armour         | |  0.4
Dodging        | |  2.2
Stealth        | |  4.6

Action                   || total
-------------------------++-------
Melee: Hand axe          ||     5
       Headbutt          ||     1
       War axe           ||     4
  Use: Scroll            ||     1
Armor: Leather armour    ||     4
Dodge: Dodged            ||     6
